 Dungeon Crawl Stone Soup version 0.23-a0-143-g1adec7b (webtiles) character file.

27143 mopl the Impaler (level 13, -8/98 HPs)
             Began as a Merfolk Abyssal Knight on Sept 5, 2018.
             Was the Champion of Lugonu.
             Mangled by an ice devil (20 damage)
             ... in an ice cave.
             The game lasted 00:34:10 (18103 turns).

mopl the Impaler (Merfolk Abyssal Knight)          Turns: 18103, Time: 00:34:10

Health: -8/98      AC:  9    Str: 16      XL:     13   Next: 30%
Magic:  21/21      EV: 20    Int:  8 (11) God:    Lugonu [******]
Gold:   737        SH:  0    Dex: 15      Spells: 11/12 levels left

rFire    . . .     SeeInvis .   a - +0 glaive
rCold    . . .     Gourm    .   (shield currently unavailable)
rNeg     + . .     Faith    .   n - +0 troll leather armour
rPois    .         Spirit   .   M - +2 hat
rElec    .         Reflect  .   W - +0 cloak
rCorr    .         Harm     .   F - +0 pair of gloves
MR       +++..     Clarity  +   E - +0 pair of boots
Stlth    +.........             V - amulet of the Four Winds {rN+ MR+++ Clar}
HPRegen  0.66/turn              d - +3 ring of evasion
MPRegen  0.17/turn              Q - ring of flight

@: drained
A: change form in water, swift swim, stealthy swim
a: Depart the Abyss, Bend Space, Banish, Corrupt, Enter the Abyss, Brand Weapon
With Distortion, Renounce Religion, Evoke Flight


You were in an ice cave.
You worshipped Lugonu.
Lugonu was exalted by your worship.
You were hungry.

You visited 3 branches of the dungeon, and saw 15 of its levels.
You visited the Abyss 1 time.
You also visited: Sewer and Ice Cave.

You collected 1124 gold pieces.
You spent 387 gold pieces at shops.

Inventory:

Hand Weapons
 a - a +0 glaive (weapon)
 b - a +0 trident
Missiles
 o - 4 javelins (quivered)
 r - 10 tomahawks
 u - 9 poisoned needles
 U - a throwing net
Armour
 k - +0 acid dragon scales
 n - a +0 troll leather armour (worn)
 E - a +0 pair of boots (worn)
 F - a +0 pair of gloves (worn)
 M - a +2 hat (worn)
 T - a +2 scale mail of fire resistance
 W - a +0 cloak (worn)
Jewellery
 d - a +3 ring of evasion (left hand)
 Q - a ring of flight (right hand)
 V - the amulet of the Four Winds (around neck) {rN+ MR+++ Clar}
   (You took it off an orc on level 11 of the Dungeon)

   [amulet of nothing]

   It protects you from negative energy.
   It affects your resistance to hostile enchantments.
   It protects you against confusion.
Wands
 i - a wand of polymorph (24)
 s - a wand of iceblast (7)
 x - a wand of paralysis (21)
 C - a wand of flame (22)
 J - a wand of random effects (16)
 L - a wand of enslavement (16)
Scrolls
 h - 2 scrolls of blinking
 j - a scroll of amnesia
 l - 10 scrolls of teleportation
 t - 3 scrolls of enchant weapon {unknown}
 z - 2 scrolls of noise {unknown}
 B - 7 scrolls of remove curse
 G - a scroll of summoning {unknown}
 H - 2 scrolls of fear
 N - a scroll of brand weapon {unknown}
 R - a scroll of silence {unknown}
Potions
 e - 3 potions of ambrosia
 f - 2 potions of curing
 m - 4 potions of flight
 p - a potion of invisibility
 v - 7 potions of haste {unknown}
 A - a potion of might {unknown}
 D - a potion of resistance
 K - 4 potions of lignification {unknown}
 O - a potion of heal wounds
Miscellaneous
 g - a lamp of fire (inert)
 w - a box of beasts
Comestibles
 c - 26 rations


   Skills:
 + Level 8.0(7.6) Fighting
 + Level 15.0(14.6) Polearms
 + Level 12.3(11.9) Throwing
 - Level 0.6(0.2) Armour
 + Level 9.2(8.8) Dodging
 + Level 11.4(11.0) Invocations
 + Level 2.8(2.4) Evocations


You had 11 spell levels left.
You knew the following spells:

 Your Spells              Type           Power        Failure   Level  Hunger
a - Apportation           Tloc           #.....       47%         1    ##.....

Your spell library contained the following spells:

 Spells                   Type           Power        Failure   Level  Hunger
 Magic Dart               Conj           #...         47%         1    ##.....
 Sting                    Conj/Pois      #...         47%         1    ##.....
 Summon Butterflies       Summ           #.......     47%         1    ##.....
 Poisonous Vapours        Pois/Air       #.....       63%         2    ###....
 Searing Ray              Conj           #.....       63%         2    ###....
 Dazzling Spray           Conj/Hex       #.....       85%         3    ####...
 Lesser Beckoning         Tloc           #.........   85%         3    ####...
 Mephitic Cloud           Conj/Pois/Air  #.......     85%         3    ####...
 Tukima's Dance           Hex            #.......     85%         3    ####...
 Force Lance              Conj/Tloc      #.......     99%         4    #####..
 Fulminant Prism          Conj/Hex       #.........   99%         4    #####..
 Iskenderun's Mystic Bla  Conj           #.......     99%         4    #####..
 Olgreb's Toxic Radiance  Pois           #.......     99%         4    #####..
 Alistair's Intoxication  Tmut/Pois      #.......     100%        5    ######.
 Venom Bolt               Conj/Pois      #.........   100%        5    ######.
 Invisibility             Hex            #.......     100%        6    #######


Dungeon Overview and Level Annotations

Branches:
Dungeon (12/15)            Temple (0/1) D:7            Lair (1/6) D:9
    Orc (2/2) D:12            Elf (0/3) Orc:2

Altars:
Ashenzari
Gozag
Hepliaklqana
Nemelex Xobeh
Okawaru
Trog
Vehumet
Wu Jian
Xom
Zin

Shops:
D:7 :   D:10 *

Annotations:
IceCv exclusion: 2 ice statues


Message History

The ice devil is heavily wounded.
The ice devil completely misses you.
You barely miss the ice devil.
The ice devil is heavily wounded.
The ice devil hits you. The ice devil freezes you!!
* * * LOW HITPOINT WARNING * * *
You are too injured to fight recklessly!
Press: ? - help, Shift-Dir - straight line, f/p - ice devil
Aim: an ice devil (heavily wounded, chance to defeat MR: 41%)
Okay, then.
Unknown command.
Okay, then.
Evoke which item? (* to show all) (? for menu, Esc to quit)
Aim the lamp in which direction?
Press: ? - help, Dir - move target cursor, f/p - ice devil
Aim: an ice devil (heavily wounded)
The flames dance!
The ice devil hits you!
* * * LOW HITPOINT WARNING * * *
The ice devil freezes you!!
You die...

..# .....# ......
......8 ####
......## ##..##
.......######§...##
.........##§§.§§..#
⌠........§§(((∩4@.#
..................#
.......##..##....##
......########..##
......8# ####
......## .....##
...## ###


You could see an ice devil.

Vanquished Creatures
  Gastronok (D:9)
  2 cyclopes
  A manticore (D:12)
  2 orc sorcerers (Orc:2)
  A black mamba (Lair:1)
  An ice devil (IceCv)
  A komodo dragon (D:12)
  A polar bear (shapeshifter) (D:12)
  2 trolls
  Grinder (D:4)
  4 hippogriffs
  3 slime creatures
  A spriggan (D:7)
  9 yaks
  2 hungry ghosts
  A basilisk (Lair:1)
  Grum (D:11)
  7 vampire mosquitoes
  A soldier ant (D:12)
  A water moccasin (Lair:1)
  2 porcupines (Lair:1)
  11 orc warriors
  4 ice beasts
  2 black bears
  An eye of draining (D:12)
  2 sky beasts (D:8)
  A hornet zombie (D:7)
  6 ogres
  3 phantoms
  2 wolves (D:11)
  2 centaurs
  2 crocodiles
  10 bullfrogs
  A gnoll sergeant (D:6)
  A wyvern skeleton (D:12)
  4 scorpions
  4 jellies
  11 killer bees
  8 wights
  3 howler monkeys (D:11)
  5 crimson imps
  A quasit (D:9)
  4 hounds
  A bullfrog zombie (D:8)
  15 orc priests
  3 centaur zombies
  2 centaur skeletons
  12 orc wizards
  3 bullfrog skeletons
  2 iguanas
  13 worker ants
  A hound skeleton (D:8)
  A hound zombie (D:7)
  A worker ant zombie (D:5)
  7 gnolls
  3 howler monkey skeletons
  21 adders
  3 shadow imps
  7 oozes
  3 adder zombies
  2 adder skeletons
  9 worms
  2 dart slugs
  12 leopard geckos
  51 orcs
  2 ball pythons (Sewer)
  11 giant cockroaches
  6 goblins
  9 hobgoblins
  13 jackals
  5 quokkas
  13 bats
  5 frilled lizards
  7 kobolds
  4 rats
382 creatures vanquished.

Vanquished Creatures (others)
  2 hydras
  A two-headed ogre (D:9)
  A cyclops (D:10)
  A komodo dragon (D:9)
  A hornet (D:12)
  6 plants (D:9)
12 creatures vanquished.

Grand Total: 394 creatures vanquished

Notes
Turn   | Place    | Note
-------+----------+-------------------------------------------
     0 | Abyss:1  | mopl the Merfolk Abyssal Knight began the quest for the
                  | Orb.
     0 | Abyss:1  | Reached XP level 1. HP: 18/18 MP: 2/2
    68 | Abyss:1  | Noticed a large abomination
   131 | Abyss:1  | Noticed a ynoxinul
   161 | Abyss:1  | Noticed a worldbinder
   162 | Abyss:1  | Noticed a thrashing horror
   168 | Abyss:1  | Noticed a naga
   171 | D:1      | Escaped the Abyss
   300 | D:1      | Reached XP level 2. HP: 22/24 MP: 3/3
   445 | D:1      | Reached skill level 4 in Polearms
   615 | D:1      | Reached * piety under Lugonu
   802 | D:1      | Reached XP level 3. HP: 28/29 MP: 4/4
   905 | D:2      | Reached skill level 5 in Polearms
  1033 | D:2      | Reached skill level 3 in Invocations
  1033 | D:2      | Reached XP level 4. HP: 35/35 MP: 6/6
  1043 | D:2      | Found an iron altar of Okawaru.
  1253 | D:2      | Noticed an ogre
  1271 | D:2      | Killed an ogre
  1271 | D:2      | Reached skill level 6 in Polearms
  1271 | D:2      | Reached XP level 5. HP: 16/41 MP: 7/7
  1508 | D:2      | Reached skill level 7 in Polearms
  2034 | D:3      | Reached skill level 4 in Invocations
  2068 | D:3      | Reached XP level 6. HP: 42/47 MP: 9/9
  2097 | D:3      | Reached ** piety under Lugonu
  2167 | D:3      | Found a glowing drain.
  2326 | Sewer    | Entered a sewer
  2473 | Sewer    | Reached skill level 8 in Polearms
  3282 | D:3      | Reached *** piety under Lugonu
  3759 | D:4      | Noticed Grinder
  3787 | D:4      | Paralysed by Grinder for 4 turns
  3819 | D:4      | Killed Grinder
  3819 | D:4      | Reached skill level 9 in Polearms
  3819 | D:4      | Reached skill level 5 in Invocations
  3819 | D:4      | Reached XP level 7. HP: 45/52 MP: 10/10
  4063 | D:4      | Reached skill level 10 in Polearms
  4182 | D:4      | Got a blackened plate armour
  4250 | D:4      | Reached XP level 8. HP: 34/58 MP: 12/12
  4753 | D:5      | Entered Level 5 of the Dungeon
  4885 | D:5      | Got an ichor-stained falchion
  4988 | D:5      | Reached skill level 1 in Throwing
  5057 | D:5      | Reached skill level 6 in Invocations
  5636 | D:6      | Reached skill level 11 in Polearms
  6103 | D:6      | Reached skill level 2 in Throwing
  6362 | D:6      | Reached **** piety under Lugonu
  6723 | D:6      | Reached skill level 12 in Polearms
  6819 | D:6      | Found a shattered altar of Ashenzari.
  6901 | D:6      | Identified the cursed +1 plate armour "Koiss" {rF+} (You
                  | found it on level 4 of the Dungeon)
  6901 | D:6      | Identified the +7 falchion of Tiegenur {freeze, MR+ Stlth+}
                  | (You found it on level 5 of the Dungeon)
  7063 | D:6      | Reached skill level 3 in Throwing
  7176 | D:6      | Reached XP level 9. HP: 10/64 MP: 14/14
  7672 | D:7      | Reached skill level 7 in Invocations
  7755 | D:7      | Found a sparkling altar of Nemelex Xobeh.
  7844 | D:7      | Found a staircase to the Ecumenical Temple.
  7926 | D:7      | Found Veyn Vie's Book Shop.
  7979 | D:7      | Reached skill level 13 in Polearms
  8086 | D:7      | Reached skill level 4 in Throwing
  8769 | D:7      | Found an ornate altar of the Wu Jian Council.
  9029 | D:8      | Reached skill level 8 in Invocations
  9162 | D:8      | Reached skill level 14 in Polearms
  9232 | D:8      | Reached skill level 5 in Throwing
  9243 | D:8      | Reached XP level 10. HP: 65/70 MP: 16/16
  9372 | D:8      | Learned a level 1 spell: Apportation
  9718 | D:8      | Reached skill level 6 in Throwing
  9732 | D:8      | Reached skill level 9 in Invocations
  9749 | D:8      | Reached ***** piety under Lugonu
  9751 | D:8      | Found a hazy altar of Hepliaklqana.
  9752 | D:8      | Found a shimmering altar of Xom.
  9834 | D:8      | Noticed a spectral ugly thing
  9992 | D:8      | Found a bloodstained altar of Trog.
 10732 | D:9      | Noticed Gastronok
 10770 | D:9      | Killed Gastronok
 10770 | D:9      | Reached skill level 4 in Fighting
 10770 | D:9      | Reached skill level 7 in Throwing
 10770 | D:9      | Reached skill level 4 in Dodging
 10834 | D:9      | Found an opulent altar of Gozag.
 10904 | D:9      | Found a staircase to the Lair.
 11053 | D:9      | Reached skill level 5 in Dodging
 11427 | D:9      | Found a glowing silver altar of Zin.
 11428 | D:9      | Found a radiant altar of Vehumet.
 11453 | D:9      | Reached skill level 5 in Fighting
 11806 | D:9      | Reached skill level 10 in Invocations
 11889 | D:9      | Noticed a two-headed ogre
 11890 | D:9      | Banished a two-headed ogre
 11890 | D:9      | Reached XP level 11. HP: 72/80 MP: 18/18
 12056 | D:9      | Reached skill level 6 in Dodging
 12720 | D:10     | Entered Level 10 of the Dungeon
 12729 | D:10     | Noticed a cyclops
 12730 | D:10     | Banished a cyclops
 12772 | D:10     | Reached skill level 6 in Fighting
 13053 | D:10     | Found Ochiucer's Assorted Antiques.
 13058 | D:10     | Bought a jewelled wooden wand for 120 gold pieces
 13058 | D:10     | Bought a metallic amethyst potion for 27 gold pieces
 13058 | D:10     | Bought a scroll of teleportation for 90 gold pieces
 13058 | D:10     | Bought a scroll of teleportation for 90 gold pieces
 13058 | D:10     | Bought a wand of enslavement (12) for 60 gold pieces
 13348 | D:10     | Reached skill level 8 in Throwing
 13476 | D:10     | You fall through a shaft!
 13518 | D:11     | Noticed Grum
 13571 | D:11     | Killed Grum
 13571 | D:11     | Reached skill level 7 in Dodging
 13761 | D:11     | Noticed an eight-headed hydra
 13764 | D:11     | Banished an eight-headed hydra
 13983 | D:10     | Reached skill level 11 in Throwing
 13983 | D:10     | Reached XP level 12. HP: 89/89 MP: 19/19
 14514 | Lair:1   | Entered Level 1 of the Lair of Beasts
 16265 | D:11     | Reached skill level 7 in Fighting
 16275 | D:11     | Reached skill level 8 in Dodging
 16275 | D:11     | Reached skill level 11 in Invocations
 16437 | D:12     | Found a staircase to the Orcish Mines.
 16467 | D:12     | Reached skill level 12 in Throwing
 16707 | D:12     | Paralysed by a hornet for 1 turns
 16851 | D:12     | Reached XP level 13. HP: 91/96 MP: 21/21
 16905 | D:12     | Reached skill level 1 in Evocations
 17466 | Orc:1    | Entered Level 1 of the Orcish Mines
 17495 | Orc:1    | Reached skill level 2 in Evocations
 17658 | Orc:2    | Entered Level 2 of the Orcish Mines
 17658 | Orc:2    | Found a staircase to the Elven Halls.
 17677 | Orc:2    | Reached skill level 9 in Dodging
 17756 | Orc:2    | HP: 1/98 [troll (12)]
 17757 | Orc:2    | Reached skill level 15 in Polearms
 17865 | Orc:2    | Found Doodeo's Weapon Boutique.
 17924 | Orc:2    | Reached ****** piety under Lugonu
 18021 | Orc:2    | Found a frozen archway.
 18035 | IceCv    | Entered an ice cave
 18068 | IceCv    | Reached skill level 8 in Fighting
 18103 | IceCv    | Mangled by an ice devil

Vault maps used:
D:1:      ncdulo_smallfort, minmay_crystal_water
D:2:      overflow_temple_1_default, first_ration
D:3:      kennysheep_big_flooded_room, gup_sewer_entry_glass
D:4:      minmay_opposing_rooms, uniq_grinder
D:6:      kennysheep_mini
D:7:      lemuel_coloured_pillars_altar, lemuel_crystal_altar,
          minmay_temple_entry_purple_smoke, serial_shops, shop, the_bakery,
          kennysheep_diamond, kennysheep_generic_room_8
D:8:      regret_index_temple_of_mockery, david_defended_altar_orc
D:9:      grunt_gozag_statues, gammafunk_temple_overflow_statue,
          david_lair_shrubbed, uniq_gastronok
D:10:     serial_shops, nicolae_shop_stone
D:11:     uniq_grum
D:12:     orc_0_dummy, grunt_ministairs_3
Lair:1:   lemuel_fruit_tree
Orc:1:    mines2_david, uniq_harold, uniq_maurice
Orc:2:    grunt_orc_cross, special_room, serial_shops, shop,
          portal_ice_cave_entry_pillars_1
Abyss:1:  minivault_24
Sewer:    sewer_fruit_machine
IceCv:    ice_cave_tombish

Skill      XL: |  1  2  3  4  5  6  7  8  9 10 11 12 13 |
---------------+----------------------------------------+-----
Polearms       | 4 5 6 7 9 10 12 14 15 | 15.0
Invocations    | 3 4 5 6 8 10 11 | 11.4
Throwing       | 3 5 7 11 12 | 12.3
Fighting       | 5 6 7 8 |  8.0
Dodging        | 5 7 8 9 |  9.2
Evocations     | 2 |  2.8
Armour         | |  0.6

Action                   |  1- 3 |  4- 6 |  7- 9 | 10-12 | 13-15 || total
-------------------------+-------+-------+-------+-------+-------++-------
Melee: Spear             |   119 |   446 |   608 |       |       ||  1173
       Tailslap          |       |     5 |       |       |       ||     5
       Trident           |       |       |   255 |   629 |       ||   884
       Unarmed           |       |       |       |    10 |       ||    10
       Halberd           |       |       |       |   273 |   126 ||   399
       Glaive            |       |       |       |       |    95 ||    95
Throw: Javelin           |       |     1 |       |       |    19 ||    20
       Tomahawk          |       |       |       |       |     2 ||     2
Invok: Depart the Abyss  |     1 |       |       |       |       ||     1
       Banish            |       |       |       |     6 |     1 ||     7
       Bend Space        |       |       |       |     1 |       ||     1
Evoke: Wand              |       |       |     1 |    13 |     1 ||    15
       Lamp of fire      |       |       |       |       |     1 ||     1
  Use: Scroll            |       |    15 |     3 |     5 |       ||    23
       Potion            |       |     5 |       |     3 |     1 ||     9
 Stab: Distracted        |       |       |     1 |       |       ||     1
       Paralysed         |       |       |       |    15 |       ||    15
       Sleeping          |       |       |       |     1 |     1 ||     2
  Eat: Chunk             |       |     9 |    33 |    21 |     4 ||    67
       Ration            |       |       |       |     1 |       ||     1
Armor: Leather armour    |    10 |       |       |       |       ||    10
       Chain mail        |    44 |   163 |   146 |       |       ||   353
       Acid dragon scale |       |       |    55 |   111 |       ||   166
       Troll leather arm |       |       |       |    17 |    17 ||    34
Dodge: Dodged            |    60 |   199 |   254 |   570 |   151 ||  1234

Table legend:
 A = Non-vault XP
 B = Vault XP
 C = Vault XP percentage of total XP
 D = Non-vault monster count
 E = Vault monster count
 F = Vault count percentage of total count
                 A         B        C        D         E       F
            +---------+---------+-------+---------+---------+-------
      Total |   21840 |    5613 |  20.4 |     333 |      54 |  14.0
            +---------+---------+-------+---------+---------+-------
        D:1 |      56 |       0 |   0.0 |      23 |       0 |   0.0
        D:2 |     232 |       0 |   0.0 |      16 |       0 |   0.0
        D:3 |     111 |      58 |  34.3 |      31 |       6 |  16.2
        D:4 |     229 |     481 |  67.7 |      13 |       8 |  38.1
        D:5 |     202 |       0 |   0.0 |      13 |       0 |   0.0
        D:6 |    1080 |      13 |   1.2 |      30 |       1 |   3.2
        D:7 |    1187 |     220 |  15.6 |      24 |       1 |   4.0
        D:8 |    1786 |      84 |   4.5 |      34 |       2 |   5.6
        D:9 |    2792 |    2458 |  46.8 |      33 |       2 |   5.7
       D:10 |    1302 |       0 |   0.0 |      18 |       0 |   0.0
       D:11 |    2971 |     415 |  12.3 |      25 |       3 |  10.7
       D:12 |    5635 |     653 |  10.4 |      37 |       2 |   5.1
     Lair:1 |    2107 |       0 |   0.0 |      10 |       0 |   0.0
      Orc:1 |     410 |       0 |   0.0 |      12 |       0 |   0.0
      Orc:2 |    1740 |     813 |  31.8 |      14 |       3 |  17.6
      Sewer |       0 |      72 | 100.0 |       0 |      25 | 100.0
      IceCv |       0 |     346 | 100.0 |       0 |       1 | 100.0
            +---------+---------+-------+---------+---------+-------
